 Dungeon Crawl Stone Soup version 0.31-a0-1068-g5939ac1fb6 (webtiles) character file.

Game seed: 16157097861454398014

247 kae the Vexing (level 5, -5/35 HPs)
             Began as a Demonspawn Enchanter on Nov 23, 2023.
             Slain by a scorpion (7 damage)
             ... on level 4 of the Dungeon.
             The game lasted 00:05:45 (3550 turns).

kae the Vexing (Demonspawn Enchanter)               Turns: 3550, Time: 00:05:46

Health: -5/35      AC:  3    Str: 10    XL:     5   Next: 85%
Magic:  1/8        EV: 12    Int: 17    God:
Gold:   68         SH:  0    Dex: 13    Spells: 1/9 levels left

rFire   . . .        a - +1 dagger
rCold   . . .        (no shield)
rNeg    . . .        b - +1 robe
rPois   .            (no helmet)
rElec   .            (no cloak)
rCorr   +            (no gloves)
SInv    .            (no boots)
Will    .....        (no amulet)
Stlth   ++           R - ring of resist corrosion
HPRegen 0.25/turn    (no ring)
MPRegen 0.11/turn

%: no passive effects
@: lethally poisoned (-5 -> -11), invisible
A: powered by pain 1, sturdy frame 2
a: no special abilities


You were on level 4 of the Dungeon.
You visited 1 branch of the dungeon, and saw 4 of its levels.

You collected 68 gold pieces.


Innate Abilities, Weirdness & Mutations

You sometimes gain a little power by taking damage.
Your movements are less encumbered by armour. (ER -4)


   Skills:
 * Level 2.5 Short Blades
 + Level 2.6 Dodging
 + Level 3.3 Stealth
 + Level 2.6 Spellcasting
 * Level 4.0 Hexes
 * Level 2.0 Ice Magic


You had one spell level left.
You knew the following spells:

 Your Spells              Type           Power      Damage    Failure   Level
a - Ensorcelled Hibernat  Hex/Ice        24%        N/A       8%          2
b - Confusing Touch       Hex            15%        N/A       11%         3
c - Tukima's Dance        Hex            15%        N/A       11%         3

Your spell library contained the following spells:

 Spells                   Type           Power      Damage    Failure   Level
 Dazzling Flash           Conj/Hex       18%        N/A       24%         3

Inventory:

Hand Weapons
 a - a +1 dagger (weapon)
Missiles
 e - 21 stones
 j - 12 poisoned darts
Armour
 b - a +1 robe (worn)
Jewellery
 R - a ring of resist corrosion (left hand)
   (You found it on level 2 of the Dungeon)
Scrolls
 h - 2 scrolls of teleportation {@r4}
Potions
 c - 2 potions of invisibility
 i - 2 potions of brilliance

Dungeon Overview and Level Annotations

Branches:
Dungeon (4/15) Zot: 20479
 Temple: D:4-7

Altars:
Sif Muna
Xom
Yredelemnul

Annotations:
D:3 3 runed translucent doors, exclusion: door, rocker's ghost, weakling DsGl

#.#. #. #..#
.....#.####..#
#.......r...#
..#....###.##
#.....=#.#
#....#.#.#
....####.#<##
..##.###.....##
.
......s@...###
.#.##......†..#
.. #.#.......#
#.#......<#
#.#.........#
#.#.......###
#.......#
#.......#
####.####


You could see a scorpion (unable to see you).


Message History

Rocker's ghost wails, "You will join me soon!"
There is an open door here.
There is an open door here.
There is a stone staircase leading down here.
You climb downwards.
You hear the hiss of flowing sand.
There is an entrance to an ossuary on this level.
Hurry and find it before the portal is buried!
You hear the hiss of a very distant avalanche of sand.
There is a stone staircase leading up, spattered with blood here.
A quokka is nearby!
The quokka closely misses you.
You closely miss the quokka. The quokka bites you.
You hit the quokka. The quokka closely misses you. 😕 HP[-2]
You take 2 damage, and now have 33/35 hp.
You barely miss the quokka. The quokka barely misses you.
You hit the quokka.
You kill the quokka!
The scorpion stings you but does no damage. 😕 HP[+1]
Casting: Ensorcelled Hibernation (safe; 8% risk of failure)
Confirm with . or Enter, or press ? or * to list all spells.
Aiming: Ensorcelled Hibernation (safe; 8% risk of failure)
Press: ? - help, Shift-Dir - straight line, f - scorpion
Aim: a scorpion (chance to affect: 46%)
The scorpion resists with some effort.
The scorpion closely misses you. 😕 MP[-2]
You lost 2 mp, and now have 6/8 mp.
Casting: Ensorcelled Hibernation (safe; 8% risk of failure)
Confirm with . or Enter, or press ? or * to list all spells.
Aiming: Ensorcelled Hibernation (safe; 8% risk of failure)
Press: ? - help, Shift-Dir - straight line, f/p - scorpion
Aim: a scorpion (chance to affect: 46%)
The scorpion resists with some effort.
The scorpion stings you but does no damage. 😕 MP[-2]
You lost 2 mp, and now have 4/8 mp.
Casting: Ensorcelled Hibernation (safe; 8% risk of failure)
Confirm with . or Enter, or press ? or * to list all spells.
Aiming: Ensorcelled Hibernation (safe; 8% risk of failure)
Press: ? - help, Shift-Dir - straight line, f/p - scorpion
Aim: a scorpion (chance to affect: 46%)
The scorpion resists with some effort.
The scorpion barely misses you.
The scorpion completely misses you. 😕 MP[-2]
You lost 2 mp, and now have 2/8 mp.
Casting: Ensorcelled Hibernation (safe; 8% risk of failure)
Confirm with . or Enter, or press ? or * to list all spells.
Aiming: Ensorcelled Hibernation (safe; 8% risk of failure)
Press: ? - help, Shift-Dir - straight line, f/p - scorpion
Aim: a scorpion (chance to affect: 46%)
The scorpion resists with some effort.
The scorpion stings you.
You are poisoned.
The scorpion poisons you! 😕 HP[-4] MP[-2]
You take 4 damage, and now have 30/35 hp.
You lost 2 mp, and now have 0/8 mp.
You barely miss the scorpion.
You feel sick. The scorpion stings you. 😮 HP[-7]
You take 7 damage, and now have 23/35 hp.
Unknown command.
You feel better.
The scorpion closely misses you. 😕 HP[+5]
You regained 5 hp, and now have 28/35 hp.
You hit the scorpion but do no damage. The scorpion barely misses you.
You closely miss the scorpion.
The scorpion closely misses you. 😕 HP[+1]
You hit the scorpion. The scorpion stings you.
You are poisoned.
The scorpion poisons you! 😮 HP[-4] MP[+1]
You take 4 damage, and now have 25/35 hp.
You hit the scorpion but do no damage.
You feel very sick. The scorpion stings you.
* * * LOW HITPOINT WARNING * * *
😨 HP[-9]
You take 9 damage, and now have 16/35 hp.
MASSIVE DAMAGE!! (PAUSE)
You closely miss the scorpion.
You feel sick. The scorpion stings you.
* * * LOW HITPOINT WARNING * * *
😨 HP[-7]
You take 7 damage, and now have 9/35 hp.
Casting: Ensorcelled Hibernation (safe; 8% risk of failure)
Confirm with . or Enter, or press ? or * to list all spells.
You don't have enough magic to cast this spell.
Casting: Ensorcelled Hibernation (safe; 8% risk of failure)
Confirm with . or Enter, or press ? or * to list all spells.
You don't have enough magic to cast this spell.
You hit the scorpion.
* * * LOW HITPOINT WARNING * * *
You feel sick. The scorpion stings you.
* * * LOW HITPOINT WARNING * * *
😱 HP[-6]
You take 6 damage, and now have 3/35 hp.
Unknown command.
You fade into invisibility!
* * * LOW HITPOINT WARNING * * *
You feel sick. The scorpion stings you!
You die...

Skill      XL: |  1  2  3  4  5 |
---------------+----------------+-----
Short Blades   | 1 2 |  2.5
Dodging        | 2 |  2.6
Ice Magic      | 1 2 |  2.0
Stealth        | 3 |  3.3
Hexes          | 4 |  4.0
Spellcasting   | |  2.6

Action                     |  1- 3 |  4- 6 || total
---------------------------+-------+-------++-------
  Melee: Dagger            |   144 |   196 ||   340
         Punch             |     1 |       ||     1
   Cast: Ensorcelled Hiber |    10 |    19 ||    29
    Use: Scroll            |     3 |     4 ||     7
         Potion            |     1 |     7 ||     8
   Stab: Sleeping          |    16 |     9 ||    25
         Invisible         |     1 |     1 ||     2
 Armour: Robe              |    58 |   119 ||   177
  Dodge: Dodged            |    82 |   147 ||   229

Levels and vault maps discovered:
D:1:      onia_arrival_mini_maze, layout_loops_ring
D:2:      kb_forest_paths, layout_basic, st_stairs_8
D:3:      layout_basic, led_sif_book, lemuel_crystal_altar,
          nicolae_yredelemnul_ghost_church
D:4:      layout_loops_ring, nicolae_ossuary_entry_catacombs

Notes
Turn   | Place    | Note
-------+----------+-------------------------------------------
     0 | D:1      | kae the Demonspawn Enchanter began the quest for the Orb.
     0 | D:1      | Reached XP level 1. HP: 13/13 MP: 3/3
     0 | D:1      | magus.rc [v1.11.3]
    84 | D:1      | Reached skill level 1 in Short Blades
   217 | D:1      | Gained mutation: You sometimes gain a little power by
                  | taking damage. [demonic ancestry]
   217 | D:1      | Reached XP level 2. HP: 19/19 MP: 5/5
   220 | D:1      | Learned a level 2 spell: Ensorcelled Hibernation
   441 | D:1      | Reached skill level 2 in Dodging
   817 | D:1      | Reached XP level 3. HP: 19/24 MP: 6/6
  1482 | D:2      | Reached skill level 1 in Ice Magic
  1726 | D:2      | Reached skill level 3 in Stealth
  1726 | D:2      | Gained mutation: Your movements are slightly less
                  | encumbered by armour. (ER -2) [demonic ancestry]
  1726 | D:2      | Reached XP level 4. HP: 30/30 MP: 4/7
  1895 | D:2      | Learned a level 3 spell: Confusing Touch
  2263 | D:3      | Found a shimmering blue altar of Sif Muna.
  2324 | D:3      | Found a shimmering altar of Xom.
  2416 | D:3      | Found a runed translucent gate.
  2416 | D:3      | Found a runed translucent gate.
  2416 | D:3      | Found a runed translucent gate.
  2416 | D:3      | Noticed rocker's ghost (weakling DsGl)
  2418 | D:3      | Found a basalt altar of Yredelemnul.
  2440 | D:3      | Reached skill level 2 in Short Blades
  2541 | D:3      | Gained mutation: Your movements are less encumbered by
                  | armour. (ER -4) [demonic ancestry]
  2541 | D:3      | Reached XP level 5. HP: 35/35 MP: 8/8
  3239 | D:3      | Learned a level 3 spell: Tukima's Dance
  3311 | D:4      | HP: 6/35 [hound (5)]
  3319 | D:4      | HP: 6/35 [hound (2)]
  3326 | D:4      | HP: 4/35 [hound (1)]
  3343 | D:3      | HP: 8/35 [frozen (1)]
  3348 | D:3      | Reached skill level 4 in Hexes
  3348 | D:3      | Reached skill level 2 in Ice Magic
  3549 | D:4      | HP: 7/35 [poisoned by a scorpion]
  3549 | D:4      | HP: 3/35 [scorpion (4)]
  3550 | D:4      | Slain by a scorpion

Vanquished Creatures
  2 hounds
  An orc wizard (D:3)
  2 hound zombies (D:3)
  An adder (D:4)
  4 gnolls (D:2)
  3 worms
  2 orcs (D:3)
  4 endoplasms
  4 giant cockroaches
  4 goblins
  11 hobgoblins
  2 jackals (D:3)
  3 quokkas
  8 ball pythons
  3 bats
  8 frilled lizards
  6 kobolds
  10 rats
78 creatures vanquished.

Table legend:
 A = Non-vault XP
 B = Vault XP
 C = Vault XP percentage of total XP
 D = Non-vault monster count
 E = Vault monster count
 F = Vault count percentage of total count
                 A         B        C        D         E       F
            +---------+---------+-------+---------+---------+-------
      Total |     294 |      60 |  16.9 |      66 |      12 |  15.4
            +---------+---------+-------+---------+---------+-------
        D:1 |      42 |       3 |   6.7 |      28 |       3 |   9.7
        D:2 |      77 |      15 |  16.3 |      13 |       7 |  35.0
        D:3 |     114 |      42 |  26.9 |      21 |       2 |   8.7
        D:4 |      61 |       0 |   0.0 |       4 |       0 |   0.0
            +---------+---------+-------+---------+---------+-------

Skill      XL: |  1  2  3  4  5 |
---------------+----------------+-----
Short Blades   | 1 2 |  2.5
Dodging        | 2 |  2.6
Ice Magic      | 1 2 |  2.0
Stealth        | 3 |  3.3
Hexes          | 4 |  4.0
Spellcasting   | |  2.6

Action                     |  1- 3 |  4- 6 || total
---------------------------+-------+-------++-------
  Melee: Dagger            |   144 |   196 ||   340
         Punch             |     1 |       ||     1
   Cast: Ensorcelled Hiber |    10 |    19 ||    29
    Use: Scroll            |     3 |     4 ||     7
         Potion            |     1 |     7 ||     8
   Stab: Sleeping          |    16 |     9 ||    25
         Invisible         |     1 |     1 ||     2
 Armour: Robe              |    58 |   119 ||   177
  Dodge: Dodged            |    82 |   147 ||   229

Illustrated notes

Table legend:
 A = Kills in this place as a percentage of kills in the entire game.
 B = Kills by you in this place as a percentage of kills by you in the entire game.
 C = Kills by friends in this place as a percentage of kills by friends in the entire game.
 D = Other kills in this place as a percentage of other kills in the entire game.
 E = Experience gained in this place as a percentage of experience gained in the entire game.
 F = Experience gained in this place divided by the number of levels of this place that you have seen.
                   A       B       C       D       E      F
               +-------+-------+-------+-------+-------+----------------------
         Total | 100.0 | 100.0 |   N/A |   N/A | 100.0 |  88.5
       Dungeon | 100.0 | 100.0 |   N/A |   N/A | 100.0 |  88.5
               +-------+-------+-------+-------+-------+----------------------

Table legend: (Time is in decaauts)
 A = Elapsed time spent in this place.
 B = Non-inter-level travel time spent in this place.
 C = Inter-level travel time spent in this place.
 D = Time resting spent in this place.
 E = Time spent auto-exploring this place.
 F = Levels seen in this place.
 G = Mean time per level.
                   A        B        C        D        E       F      G
               +--------+--------+--------+--------+--------+-----+--------+
         Total |   3519 |   3362 |    157 |    186 |   2438 |   4 |  879.8 |
       Dungeon |   3519 |   3362 |    157 |    186 |   2438 |   4 |  879.8 |
               +--------+--------+--------+--------+--------+-----+--------+

Top non-repeatable levels by time:
     D:3: 1364 daAuts
     D:2: 1051 daAuts
     D:1: 1025 daAuts
     D:4: 77 daAuts
